 Dungeon Crawl Stone Soup version 0.30.0 (webtiles) character file.

Game seed: 5546634215283750312

22319 cvang28 the Severer (level 12, -2/113 HPs)
             Began as a Minotaur Fighter on Nov 24, 2023.
             Was a Priest of the Shining One.
             Slain by a tarantella (8 damage)
             ... led by a torpor snail
             ... on level 1 of the Spider Nest.
             The game lasted 02:17:39 (15679 turns).

cvang28 the Severer (Minotaur Fighter)             Turns: 15679, Time: 02:17:40

Health: -2/113     AC: 17    Str: 25    XL:     12   Next: 62%
Magic:  11/11      EV:  9    Int: 11    God:    the Shining One [***...]
Gold:   944        SH:  0    Dex: 11    Spells: 10/11 levels left

rFire   . . .        J - +2 battleaxe (flame)
rCold   . . .        (shield currently unavailable)
rNeg    + . .        s - +0 chain mail
rPois   .            (helmet restricted)
rElec   .            (no cloak)
rCorr   .            (no gloves)
SInv    .            (no boots)
Will    .....        (no amulet) Stlth
                     B - +6 ring of intelligence
HPRegen 0.38/turn    L - +4 ring of protection
MPRegen 0.12/turn

%: no passive effects
@: mighty, spiked, glowing
A: horns 2, retaliatory headbutt, camouflage 1, sense surroundings 1
a: Renounce Religion, Divine Shield, Cleansing Flame


You were on level 1 of the Spider Nest.
You worshipped the Shining One.
The Shining One was most pleased with you.
You visited 4 branches of the dungeon, and saw 14 of its levels.
You also visited: Sewer and Bailey.

You collected 1203 gold pieces.
You spent 259 gold pieces at shops.

Inventory:

Hand Weapons
 J - a +2 battleaxe of flaming (weapon)
Missiles
 n - 94 stones
 p - 18 poisoned darts (quivered)
 t - 23 curare-tipped darts
 S - 4 datura-tipped darts
Armour
 s - a +0 chain mail (worn)
 R - a +2 chain mail of fire resistance
Magical Staves
 A - the staff of poison "Kyulepn" {rElec rPois}
   (You found it on level 6 of the Dungeon)

   [staff of poison]

   Base accuracy: +5 Base damage: 5 Base attack delay: 1.2 This weapon's minimum
   attack delay (0.6) is reached at skill level 12.
   rElec:     It insulates you from electricity.
   rPois:     It protects you from poison.
   It falls into the 'Staves' category.
   It is a one-handed weapon.
 D - a staff of air
 E - a staff of poison
 H - a staff of cold
Jewellery
 a - an amulet of the acrobat
 B - a +6 ring of intelligence (left hand)
 G - an amulet of guardian spirit
 L - a +4 ring of protection (right hand)
 Z - a ring of protection from cold
Wands
 O - a wand of paralysis (9)
Scrolls
 c - 2 scrolls of immolation {unknown}
 i - a scroll of butterflies {unknown}
 j - 7 scrolls of teleportation
 k - 3 scrolls of noise
 m - 3 scrolls of enchant armour
 q - 3 scrolls of fear
 r - 2 scrolls of torment
 x - 2 scrolls of fog
 z - a scroll of silence {unknown}
 K - 2 scrolls of enchant weapon
 P - a scroll of poison
Potions
 b - 2 potions of brilliance
 d - 4 potions of might
 e - 2 potions of heal wounds
 f - 3 potions of magic
 g - 6 potions of curing
 h - 2 potions of cancellation {unknown}
 o - a potion of berserk rage {unknown}
 u - 4 potions of flight
 v - 2 potions of resistance
 C - a potion of attraction {unknown}
 W - a potion of degeneration {unknown}
 X - a potion of invisibility {unknown}
Miscellaneous
 Y - a phial of floods


   Skills:
 - Level 12.5 Fighting
 - Level 15.8 Axes
 - Level 0.1 Throwing
 + Level 15.0 Armour
 - Level 0.4 Dodging
 - Level 0.1 Stealth
 - Level 6.4 Shields
 - Level 0.6 Air Magic
 - Level 0.6 Poison Magic
 - Level 0.7 Invocations
 - Level 1.1 Evocations


You had 10 spell levels left.
You knew the following spells:

 Your Spells              Type           Power      Damage    Failure   Level
a - Sting                 Tmut/Pois      0%         1d3       71%         1

Your spell library contained the following spells:

 Spells                   Type           Power      Damage    Failure   Level
 Kiss of Death            Conj/Necr      0%         2d5       75%         1
 Poisonous Vapours        Pois/Air       2%         N/A       80%         2
 Blink                    Tloc           0%         N/A       87%         2
 Ensorcelled Hibernation  Hex/Ice        0%         N/A       87%         2
 Lesser Beckoning         Tloc           0%         N/A       87%         2
 Momentum Strike          Conj/Tloc      0%         3d8       87%         2
 Passwall                 Tmut/Erth      0%         N/A       87%         2
 Sublimation of Blood     Necr           0%         N/A       87%         2
 Wereblood                Tmut           0%         N/A       87%         2
 Swiftness                Air            1%         N/A       95%         3
 Mephitic Cloud           Conj/Pois/Air  0%         N/A       96%         3
 Confusing Touch          Hex            0%         N/A       98%         3
 Frozen Ramparts          Ice            0%         1d1       98%         3
 Portal Projectile        Hex/Tloc       0%         N/A       98%         3
 Tukima's Dance           Hex            0%         N/A       98%         3
 Animate Dead             Necr           0%         N/A       100%        4
 Dispel Undead            Necr           0%         3d6       100%        4
 Ice Form                 Ice/Tmut       0%         N/A       100%        4
 Olgreb's Toxic Radiance  Pois           1%         N/A       100%        4
 Summon Ice Beast         Ice/Summ       0%         N/A       100%        4
 Blade Hands              Tmut           0%         N/A       100%        5
 Borgnjor's Vile Clutch   Necr/Erth      0%         N/A       100%        5
 Freezing Cloud           Conj/Ice/Air   0%         6-21      100%        5
 Death Channel            Necr           0%         N/A       100%        6
 Summon Hydra             Summ           0%         N/A       100%        7


Dungeon Overview and Level Annotations

Branches:
Dungeon (10/15)            Temple (1/1) D:6            Lair (2/5) D:10
 Spider (1/4) Lair:2        Sewer (visited)          Bailey (visited)
  Swamp: Lair:2-3    Shoals: Lair:2-3       Orc: D:9-12

Altars:
Ashenzari
Cheibriados
Elyvilon
Fedhas
Gozag
Hepliaklqana
Kikubaaqudgha
Makhleb
Nemelex Xobeh
Okawaru
Qazlal
Ru
Sif Muna
Trog
Uskayaw
Vehumet
Wu Jian
Xom
Yredelemnul
Zin
The Shining One

Shops:
D:3 [   D:4 *   D:5 *

Annotations:
D:8 2 transporters, zhionzacheriah's ghost, novice TrBe
Temple 2 transporters


Innate Abilities, Weirdness & Mutations

You have a pair of horns on your head.
You reflexively headbutt those who attack you in melee.
Your skin changes colour to match your surroundings (Stealth+).
You passively map a small area around you.


Message History

A demonic crawler comes into view.
The redback bites you but does no damage.
The tarantella touches you but does no damage.
Your Armour skill increases to level 15!
The demonic crawler gives a hideous shriek!
You slash the steelbarb worm! You burn the steelbarb worm.
Your headbutt misses the steelbarb worm.
The steelbarb worm is severely wounded.
You closely miss the tarantella. You hit the redback. You burn the redback.
The steelbarb worm completely misses you.
The redback bites you but does no damage.
The tarantella touches you but does no damage.
The barbed spikes dig painfully into your body as you move.
The steelbarb worm hits you!
Barbed spikes become lodged in your body.
The redback barely misses you. The tarantella closely misses you.
The steelbarb worm hits you!
* * * LOW HITPOINT WARNING * * *
Barbed spikes become lodged in your body.
The redback bites you.
* * * LOW HITPOINT WARNING * * *
You are lethally poisoned!
The redback poisons you!
You see here a torpor snail corpse.
You throw a poisoned dart.
* * * LOW HITPOINT WARNING * * *
You feel extremely sick. The tarantella closely misses you.
The redback bites you but does no damage.
The tarantella touches you.
* * * LOW HITPOINT WARNING * * *
The steelbarb worm hits you but does no damage.
You feel better. The redback closely misses you. The tarantella touches you.
* * * LOW HITPOINT WARNING * * *
The steelbarb worm hits you but does no damage.
The jumping spider leaps!
The redback bites you.
* * * LOW HITPOINT WARNING * * *
You feel very mighty all of a sudden. The tarantella touches you!
You die...

* , .° ... , , >..#
.. , * ..*#..... ,,
.#...##..#. , * ,
#....#.^...### .
##......#..#.## ,..#
,,
*........##ss)##....
* ,
##..#.....@..(....#
,
.#.#...#.#.w#.......
,
..............#..##.
?#^.#...##.....# ,
##............# *
#.....#..##..##* ,
##.#..........#
#...#..#....###
..#.#..#......^#.##


You could see a steelbarb worm, a tarantella and a redback.

Vanquished Creatures
  Gastronok (Lair:2)
  A two-headed ogre (D:6)
  A boulder beetle (Spider:1)
  Nergalle (Lair:2)
  Amaemon (Lair:2)
  An orb spider (Spider:1)
  An orc knight (Bailey)
  Pikel (D:9)
  A manticore (D:7)
  A cyclops (D:7)
  A black mamba (Lair:2)
  Maurice (D:8)
  Joseph (D:8)
  An orange demon (Lair:2)
  Maggie (D:8)
  2 cane toads
  A torpor snail (Spider:1)
  3 komodo dragons
  A troll (D:7)
  4 blink frogs (Lair:1)
  Grinder (D:4)
  A polar bear (Lair:2)
  A tarantella (Spider:1)
  2 hornets
  Prince Ribbit (D:7)
  3 jumping spiders (Lair:2)
  2 wyverns
  A wraith (D:9)
  2 shadows
  15 yaks
  4 steam dragons
  A redback (Spider:1)
  2 wargs (D:10)
  Duvessa (D:6)
  9 water moccasins
  A sky beast (D:7)
  7 orc warriors
  2 black bears
  An ice beast (D:7)
  5 ogres
  8 wolves
  3 phantoms
  2 lemures (D:9)
  9 kobold brigands
  14 bullfrogs
  4 scorpions
  4 wights (D:8)
  Dowan (D:6)
  15 killer bees
  4 howler monkeys
  2 electric eels (D:9)
  4 hounds
  A jelly (D:4)
  5 orc priests
  5 sleepcaps
  Natasha (twice) (D:3)
  12 orc wizards
  4 iguanas
  15 adders
  A gnoll (D:4)
  A shadow imp (D:6)
  2 white imps
  2 ufetubi
  4 worms
  4 dart slugs
  38 orcs
  7 bats
  10 endoplasms
  11 giant cockroaches
  8 goblins
  8 hobgoblins
  4 jackals (D:3)
  12 quokkas
  18 ball pythons
  15 frilled lizards
  23 kobolds
  8 rats
378 creatures vanquished.

Vanquished Creatures (others)
  A howler monkey (D:7)
  A shadow imp (D:7)
  16 fungi
  12 plants
30 creatures vanquished.

Grand Total: 408 creatures vanquished

Notes
Turn   | Place    | Note
-------+----------+-------------------------------------------
     0 | D:1      | cvang28 the Minotaur Fighter began the quest for the Orb.
     0 | D:1      | Reached XP level 1. HP: 19/19 MP: 0/0
    97 | D:1      | You fall into a shaft and drop 1 floor!
   124 | D:2      | Reached XP level 2. HP: 22/26 MP: 1/1
   285 | D:1      | Reached XP level 3. HP: 30/31 MP: 2/2
   959 | D:2      | Noticed Natasha
   987 | D:3      | Killed Natasha
   988 | D:3      | Reached skill level 5 in Axes
   988 | D:3      | Reached XP level 4. HP: 10/39 MP: 3/3
  1244 | D:3      | Found Duuceck's Armour Boutique.
  1358 | D:3      | Noticed a kobold brigand
  1362 | D:3      | Noticed a kobold brigand
  1458 | D:3      | Killed a kobold brigand
  1459 | D:3      | Reached XP level 5. HP: 31/45 MP: 4/4
  1568 | D:3      | Reached XP level 6. HP: 22/51 MP: 5/5
  1992 | D:3      | Noticed Natasha
  2005 | D:3      | Killed Natasha
  2290 | D:3      | Gained mutation: You have large cloven feet. [potion of
                  | mutation]
  2290 | D:3      | Gained mutation: You have a pair of large horns on your
                  | head. [potion of mutation]
  2305 | D:3      | Lost mutation: You have a pair of large horns on your head.
                  | [potion of mutation]
  2305 | D:3      | Lost mutation: You have large cloven feet. [potion of
                  | mutation]
  2305 | D:3      | Gained mutation: Your body sometimes deteriorates upon
                  | taking damage. [potion of mutation]
  2305 | D:3      | Gained mutation: You are covered in fur. (AC +1) [potion of
                  | mutation]
  2305 | D:3      | Gained mutation: You expend magic power (3 MP) to
                  | strengthen your wands. [potion of mutation]
  2305 | D:3      | Gained mutation: You possess an exceptional clarity of
                  | mind. [potion of mutation]
  2306 | D:3      | Lost mutation: You expend magic power (3 MP) to strengthen
                  | your wands. [potion of mutation]
  2306 | D:3      | Lost mutation: You are covered in fur. (AC +1) [potion of
                  | mutation]
  2306 | D:3      | Lost mutation: You possess an exceptional clarity of mind.
                  | [potion of mutation]
  2306 | D:3      | Lost mutation: Your body sometimes deteriorates upon taking
                  | damage. [potion of mutation]
  2306 | D:3      | Gained mutation: Your muscles are strong. (Str +4, Int/Dex
                  | -1) [potion of mutation]
  2306 | D:3      | Gained mutation: You have hidden genetic potential. [potion
                  | of mutation]
  2743 | D:4      | Found a glowing golden altar of the Shining One.
  2749 | D:4      | Became a worshipper of the Shining One
  2903 | D:4      | Noticed Grinder
  2923 | D:4      | Paralysed by Grinder for 3 turns
  2927 | D:4      | Killed Grinder
  2928 | D:4      | Reached XP level 7. HP: 37/60 MP: 6/6
  2938 | D:4      | Gained mutation: You are partially covered in iridescent
                  | scales. (AC +2) [hidden potential]
  3558 | D:4      | Found Seraifeu's Assorted Antiques.
  3568 | D:4      | Bought a metallic emerald potion for 23 gold pieces
  3568 | D:4      | Bought a scroll labelled NUERUF RUOHUM for 26 gold pieces
  3745 | D:4      | Reached XP level 8. HP: 61/67 MP: 7/7
  3779 | D:4      | Reached skill level 5 in Shields
  3787 | D:4      | Gained mutation: Your muscles are very strong. (Str +8,
                  | Int/Dex -2) [hidden potential]
  3787 | D:4      | Lost mutation: You have hidden genetic potential. [hidden
                  | potential expressed]
  3986 | D:4      | Found a shimmering blue altar of Sif Muna.
  3986 | D:4      | Found an ornate altar of the Wu Jian Council.
  4162 | D:5      | Entered Level 5 of the Dungeon
  4192 | D:5      | Found a glowing drain.
  4208 | Sewer    | Entered a sewer
  4286 | Sewer    | Reached skill level 5 in Fighting
  4458 | Sewer    | Reached * piety under the Shining One
  4612 | D:5      | Found Kap Ipamp's General Store.
  4627 | D:5      | Bought a potion of resistance for 140 gold pieces
  4627 | D:5      | Bought a scroll of identify for 28 gold pieces
  4627 | D:5      | Bought a scroll of teleportation for 42 gold pieces
  4669 | D:5      | Found a radiant altar of Vehumet.
  4946 | D:5      | Reached XP level 9. HP: 75/82 MP: 8/8
  5159 | D:6      | Noticed Duvessa
  5159 | D:6      | Noticed Dowan
  5182 | D:6      | Killed Duvessa
  5187 | D:6      | Killed Dowan
  5332 | D:6      | Identified the staff of poison "Kyulepn" {rElec rPois}
  5368 | D:6      | Reached skill level 10 in Fighting
  5453 | D:6      | Found a staircase to the Ecumenical Temple.
  5462 | Temple   | Entered the Ecumenical Temple
  5462 | Temple   | Found a transporter.
  5462 | Temple   | Found a transporter.
  5464 | Temple   | Found a transporter.
  5464 | Temple   | Found a transporter.
  5957 | D:6      | Noticed a two-headed ogre
  5977 | D:6      | Killed a two-headed ogre
  6416 | D:7      | Reached skill level 1 in Evocations
  6775 | D:7      | Noticed a troll
  6782 | D:7      | Killed a troll
  7130 | D:7      | Noticed a cyclops
  7130 | D:7      | Noticed a manticore
  7134 | D:7      | Killed a cyclops
  7135 | D:7      | Reached XP level 10. HP: 57/99 MP: 5/9
  7136 | D:7      | Killed a manticore
  7730 | D:7      | Reached skill level 10 in Armour
  8041 | D:7      | Noticed Prince Ribbit
  8048 | D:7      | Killed Prince Ribbit
  8584 | D:8      | Found a transporter.
  8736 | D:8      | Noticed zhionzacheriah's ghost (novice TrBe)
  8738 | D:8      | Identified the +10 giant spiked club "Huposs" {venom, rPois
                  | rF+ rC- Str+3 Stlth+}
  8738 | D:8      | Noticed a two-headed ogre
  8740 | D:8      | Found a transporter.
  8779 | D:8      | Noticed Maurice
  8781 | D:8      | Reached ** piety under the Shining One
  8789 | D:8      | Killed Maurice
  8927 | D:8      | Noticed Joseph
  8941 | D:8      | Killed Joseph
  9092 | D:8      | Found a flagged portal.
  9114 | Bailey   | Entered a bailey
  9508 | Bailey   | Noticed an orc knight
  9515 | Bailey   | Killed an orc knight
  9516 | Bailey   | Reached XP level 11. HP: 85/105 MP: 4/10
  9549 | Bailey   | Reached skill level 10 in Axes
  9573 | Bailey   | Found a bloodstained altar of Trog.
  9945 | D:8      | Noticed Maggie
  9954 | D:8      | Killed Maggie
 10287 | D:9      | Noticed Pikel
 10295 | D:9      | Killed Pikel
 10620 | D:9      | Found a transporter.
 10636 | D:9      | Paralysed by a hornet for 2 turns
 11148 | D:9      | Found a transporter.
 11749 | D:10     | Entered Level 10 of the Dungeon
 11908 | D:10     | Lost mutation: You are partially covered in iridescent
                  | scales. (AC +2) [potion of mutation]
 11908 | D:10     | Lost mutation: Your muscles are very strong. (Str +8,
                  | Int/Dex -2) [potion of mutation]
 11908 | D:10     | Lost mutation: Your muscles are strong. (Str +4, Int/Dex
                  | -1) [potion of mutation]
 11908 | D:10     | Gained mutation: You occasionally lose the ability to drink
                  | potions when taking damage. [potion of mutation]
 11908 | D:10     | Lost mutation: You occasionally lose the ability to drink
                  | potions when taking damage. [potion of mutation]
 11908 | D:10     | Gained mutation: Your skin changes colour to match your
                  | surroundings (Stealth+). [potion of mutation]
 11908 | D:10     | Gained mutation: You passively map a small area around you.
                  | [potion of mutation]
 12146 | D:10     | Reached *** piety under the Shining One
 12263 | D:10     | Found a staircase to the Lair.
 12278 | Lair:1   | Entered Level 1 of the Lair of Beasts
 13385 | Lair:2   | Reached skill level 15 in Axes
 13389 | Lair:2   | Reached XP level 12. HP: 50/113 MP: 2/11
 13882 | Lair:2   | Learned a level 1 spell: Sting
 14128 | Lair:2   | Noticed Amaemon
 14222 | Lair:2   | Noticed Nergalle
 14228 | Lair:2   | Killed Nergalle
 14234 | Lair:2   | Killed Amaemon
 14243 | Lair:2   | Found a hole to the Spider Nest.
 14246 | Lair:2   | Noticed Gastronok
 14613 | Lair:2   | Killed Gastronok
 14716 | Spider:1 | Entered Level 1 of the Spider Nest
 14909 | Lair:2   | HP: 1/113 [jumping spider (13)]
 14922 | Lair:2   | HP: 4/113 [jumping spider (1)]
 15606 | Spider:1 | Noticed a boulder beetle
 15614 | Spider:1 | Killed a boulder beetle
 15675 | Spider:1 | Reached skill level 15 in Armour
 15677 | Spider:1 | HP: 4/113 [tarantella[a torpor snail] (2)]
 15679 | Spider:1 | Slain by a tarantella

Illustrated notes

Levels and vault maps discovered:
D:1:      scummos_arrival_simple_crosswalls, layout_loops_ring
D:2:      layout_rooms, uniq_natasha
D:3:      cheibrodos_thug_alley, layout_loops_ring, serial_shops, shop,
          chequers_hall_statues_wall_a, grunt_ministairs_11, minmay_ruptured
D:4:      minmay_bubble_buster, layout_gridville, mainiacjoe_overflow_swirl,
          gammafunk_temple_overflow_wave, serial_shops, shop, minivault_23,
          uniq_grinder
D:5:      layout_gridville, nicolae_overflow_crystal_walls,
          portal_sewer_entry_c, serial_shops, shop
D:6:      layout_gridville, minmay_temple_entry_antechambers,
          chequers_hall_statues_wall_a, chequers_mini_garden, uniq_duvessa
D:7:      nzn_winding_woodlands_cross [nzn_winding_woodlands_5x15_default,
          nzn_winding_woodlands_5x15_cabin, nzn_winding_woodlands_5x15_sawtooth,
          nzn_winding_woodlands_5x15_pockets,
          nzn_winding_woodlands_15x15_boxy_spiral], layout_basic,
          roderic_malta_cross, uniq_prince_ribbit1
D:8:      layout_basic, gammafunk_ghost_smash, enter_bailey_2, uniq_maurice,
          uniq_joseph, uniq_maggie
D:9:      gammafunk_steamed_eel, layout_cave_pods, uniq_pikel
D:10:     layout_cave_pools, erik_lair_orcish_takeover
Temple:   hellmonk_temple_divided_pantheon
Lair:1:   layout_hall_layers
Lair:2:   layout_misc_corridors, spider_nest_entry_a, lemuel_fruit_tree,
          grunt_megastairs_3, uniq_gastronok, uniq_nergalle, uniq_amaemon
Spider:1: layout_spider_delve

Skill      XL: |  1  2  3  4  5  6  7  8  9 10 11 12 |
---------------+-------------------------------------+-----
Axes           | 3 4 5 6 7 8 9 15 | 15.8
Fighting       | 4 8 12 | 12.5
Armour         | 6 8 12 15 | 15.0
Shields        | 4 6 |  6.4
Evocations     | 1 |  1.1
Throwing       | |  0.1
Dodging        | |  0.4
Stealth        | |  0.1
Air Magic      | |  0.6
Poison Magic   | |  0.6
Invocations    | |  0.7

Action                     |  1- 3 |  4- 6 |  7- 9 | 10-12 || total
---------------------------+-------+-------+-------+-------++-------
  Melee: War axe           |    82 |   118 |   224 |    40 ||   464
         Headbutt          |     9 |    14 |    34 |    86 ||   143
         Battleaxe         |       |       |       |   322 ||   322
  Throw: Stone             |     6 |       |       |       ||     6
         Dart              |       |       |       |    11 ||    11
 Invoke: Divine Shield     |       |       |     1 |     2 ||     3
  Evoke: Wand              |       |       |     4 |       ||     4
    Use: Scroll            |     2 |     4 |     5 |    10 ||    21
         Potion            |     1 |     3 |     1 |     7 ||    12
 Armour: Scale mail        |    51 |    16 |       |       ||    67
         Chain mail        |       |    24 |   155 |   254 ||   433
         Skin              |       |       |       |     3 ||     3
  Dodge: Dodged            |    44 |    51 |   126 |   213 ||   434
  Block: Buckler           |    17 |    26 |    75 |     6 ||   124
         Other             |       |       |       |     5 ||     5
